 Dungeon Crawl Stone Soup version 0.30.1-11-g7821555f0a (webtiles) character file.

Game seed: 3329512929296318865

224 KittyFluff the Cudgeller (level 6, -1/57 HPs)
             Began as a Gargoyle Berserker on Nov 16, 2023.
             Was a Believer of Trog.
             Slain by a quokka (3 damage)
             ... on level 3 of the Dungeon.
             The game lasted 00:09:00 (2123 turns).

KittyFluff the Cudgeller (Gargoyle Berserker)       Turns: 2123, Time: 00:09:01

Health: -1/57      AC: 10    Str: 22    XL:     6   Next: 0%
Magic:  6/6        EV: 11    Int:  8    God:    Trog [**....]
Gold:   112        SH:  0    Dex:  9    Spells: 5/5 levels left

rFire   . . .        a - +0 mace
rCold   + . .        (no shield)
rNeg    + + .        r - +0 leather armour
rPois   ∞            l - +0 helmet
rElec   +            (no cloak)
rCorr   .            (no gloves)
SInv    .            p - +0 pair of boots
Will    .....        (no amulet) Stlth
                     k - ring of positive energy
HPRegen 0.29/turn    n - ring of protection from cold
MPRegen 0.10/turn

%: no passive effects
@: berserking, very quick
A: sickness immunity, AC +4, negative energy resistance 1, electricity
resistance, torment resistance 1, petrification resistance
a: Renounce Religion, Berserk, Trog's Hand


You were on level 3 of the Dungeon.
You worshipped Trog.
Trog was pleased with you.
You visited 1 branch of the dungeon, and saw 3 of its levels.

You collected 112 gold pieces.

Inventory:

Hand Weapons
 a - a +0 mace (weapon)
 m - a +0 sling
Missiles
 d - 5 boomerangs (quivered)
 g - a throwing net
Armour
 l - a +0 helmet (worn)
 p - a +0 pair of boots (worn)
 r - a +0 leather armour (worn)
Jewellery
 k - a ring of positive energy (left hand)
 n - a ring of protection from cold (right hand)
Scrolls
 b - a scroll of enchant armour {unknown}
 e - 2 scrolls of identify {unknown}
 f - a scroll of noise {unknown}
 h - a scroll of fog {unknown}
 i - 2 scrolls of blinking {unknown}
 j - a scroll of teleportation {unknown}
 o - a scroll of fear {unknown}
Potions
 c - 2 potions of degeneration {unknown}
 q - a potion of mutation {unknown}


   Skills:
 + Level 4.0 Fighting
 * Level 4.3 Maces & Flails
 * Level 3.8 Armour
 + Level 2.3 Dodging
 + Level 2.2 Stealth


You had 5 spell levels left.
You didn't know any spells.
Your spell library was empty.

Dungeon Overview and Level Annotations

Branches:
Dungeon (3/15)

Altars:

Annotations:
D:1 1 transporter


Innate Abilities, Weirdness & Mutations

You are immune to sickness and miasma.
Your stone body is resilient. (AC +4)
You are immune to poison.
You resist negative energy. (rN+)
You are resistant to electric shocks. (rElec)
You are resistant to unholy torment.
You are immune to petrification.


Message History

The orc priest calls down the wrath of Beogh upon you.
Pain shoots through your body!
You closely miss the orc priest.
The orc priest mumbles some strange prayers to Beogh against you.
Beogh smites you!
* * * LOW HITPOINT WARNING * * *
The orc priest misses you.
You hit the orc priest.
The orc priest is lightly wounded.
The orc priest calls down the wrath of Beogh upon you.
Pain shoots through your body!
* * * LOW HITPOINT WARNING * * *
A red film seems to cover your vision as you go berserk!
You feel yourself moving faster!
You feel mighty!
You sock the orc wizard!
The orc wizard is severely wounded.
The orc priest closely misses you.
The orc wizard hits you but does no damage.
You sock the orc wizard!
You kill the orc wizard!
Trog accepts your kill.
Trog appreciates your killing of a magic user.
The orc priest hits you but does no damage.
You have reached level 6!
You barely miss the orc priest.
The orc priest is lightly wounded.
The quokka closely misses you.
You barely miss the orc priest.
The orc priest is lightly wounded.
The orc priest barely misses you. The quokka barely misses you.
You sock the orc priest!
The orc priest is almost dead.
The orc priest hits you with a +0 whip.
* * * LOW HITPOINT WARNING * * *
The quokka bites you but does no damage.
You hit the orc priest.
You kill the orc priest!
Trog accepts your kill. The quokka bites you.
You die...

##.#.....# ..##
......##.## .##
......##..###
......###...####
......# ###....#
......# ####.###
......# #...#
......# ###.#
......# #@#
......# #)ro#
......# ###....
....<.# #...#
......# ..>#
......#### #.#
.........# .#
####.....# #
#.....#


You could see an orc and a quokka.

Vanquished Creatures
  An orc priest (D:3)
  Terence (D:2)
  2 orc wizards (D:3)
  Robin (D:2)
  4 adders
  2 worms (D:2)
  A dart slug (D:1)
  5 orcs (D:3)
  5 ball pythons
  5 endoplasms
  A giant cockroach (D:1)
  18 goblins
  9 hobgoblins
  8 jackals
  3 quokkas
  8 bats
  2 frilled lizards
  2 kobolds (D:2)
  6 rats
84 creatures vanquished.

Notes
Turn   | Place    | Note
-------+----------+-------------------------------------------
     0 | D:1      | KittyFluff the Gargoyle Berserker began the quest for the
                  | Orb.
     0 | D:1      | Reached XP level 1. HP: 14/14 MP: 1/1
    90 | D:1      | Reached XP level 2. HP: 12/19 MP: 2/2
   372 | D:1      | Reached XP level 3. HP: 23/23 MP: 3/3
   376 | D:1      | Reached skill level 1 in Stealth
   559 | D:2      | Reached ** piety under Trog
   726 | D:2      | Noticed Terence
   737 | D:2      | Killed Terence
   738 | D:2      | Reached XP level 4. HP: 25/28 MP: 4/4
  1131 | D:2      | Noticed Robin
  1152 | D:2      | Reached XP level 5. HP: 21/33 MP: 5/5
  1165 | D:2      | Killed Robin
  2116 | D:3      | HP: 1/33 [orc priest/nerve-wracking pain (2)]
  2120 | D:3      | Reached XP level 6. HP: 4/38 MP: 6/6
  2122 | D:3      | HP: 1/57 [orc priest/+0 whip (3)]
  2123 | D:3      | Slain by a quokka

Illustrated notes

Levels and vault maps discovered:
D:1:      spicycebolla_arrival_risky_transporter, layout_rooms,
          minmay_misc_feat_diagonals
D:2:      layout_basic, roderic_roman_lattice, nicolae_figureground_sparkle,
          uniq_terence, uniq_robin
D:3:      layout_basic

Skill      XL: |  1  2  3  4  5 |
---------------+----------------+-----
Stealth        | 1 2 |  2.2
Armour         | 3 |  3.8
Dodging        | 2 |  2.3
Maces & Flails | 4 |  4.3
Fighting       | 4 |  4.0

Action                     |  1- 3 |  4- 6 || total
---------------------------+-------+-------++-------
  Melee: Mace              |    98 |   190 ||   288
         Punch             |       |     3 ||     3
 Invoke: Berserk           |       |     2 ||     2
   Stab: Sleeping          |       |     4 ||     4
         Distracted        |       |     1 ||     1
 Armour: Animal skin       |    44 |    69 ||   113
         Leather armour    |       |    18 ||    18
  Dodge: Dodged            |    67 |   130 ||   197
